 Dungeon Crawl Stone Soup version 0.31-a0-142-g31f6795574 (webtiles) character file.

Game seed: 15598532942806715214

2209 Conn the Firebug (level 9, 0/53 HPs)
             Began as an Octopode Fire Elementalist on June 3, 2023.
             Was an Initiate of Sif Muna.
             Slain by a yak (7 damage)
             ... on level 7 of the Dungeon.
             The game lasted 00:12:40 (5637 turns).

Conn the Firebug (Octopode Fire Elementalist)       Turns: 5637, Time: 00:12:40

Health: 0/53       AC:  1    Str:  7    XL:     9   Next: 34%
Magic:  15/27      EV: 13    Int: 21    God:    Sif Muna [......]
Gold:   288        SH:  0    Dex: 13    Spells: 7/21 levels left

rFire   . . .        n - +2 dagger (elec)
rCold   . . .        r - orb {mayhem}
rNeg    . . .        (helmet restricted)
rPois   .            g - amulet of magic regeneration
rElec   .            m - ring of magical power
rCorr   +            v - ring of willpower
SInv    .            x - ring of resist corrosion
Will    +....        (no ring)
Stlth   ++++         (no ring)
HPRegen 0.28/turn    (no ring)
MPRegen 0.60/turn    (no ring)
                     (no ring)

%: mayhem
@: very slightly contaminated
A: almost no armour, amphibious, 8 rings, camouflage 1, gelatinous body 1,
(nimble swimmer 1), tentacles
a: Renounce Religion


You were on level 7 of the Dungeon.
You worshipped Sif Muna.
Sif Muna was noncommittal.
You visited 2 branches of the dungeon, and saw 8 of its levels.

You collected 288 gold pieces.

Inventory:

Hand Weapons
 b - a +0 dagger
 f - a +4 spear
 h - a +6 short sword
 n - a +2 dagger of electrocution (weapon)
Missiles
 c - 2 poisoned darts
 t - 4 throwing nets
Armour
 r - an orb of mayhem (worn)
Magical Staves
 z - a staff of poison
Jewellery
 g - an amulet of magic regeneration (around mantle)
 m - a ring of magical power (left tentacle)
 v - a ring of willpower (right tentacle)
 x - a ring of resist corrosion (on tentacle)
Wands
 o - a wand of roots (14)
Scrolls
 e - 2 scrolls of teleportation
 j - a scroll of blinking {unknown}
 l - 3 scrolls of identify {unknown}
 q - a scroll of silence {unknown}
 s - 2 scrolls of magic mapping {unknown}
 y - a scroll of torment {unknown}
 B - a scroll of enchant weapon {unknown}
Potions
 a - a potion of magic
 d - 7 potions of curing {unknown}
 i - a potion of cancellation {unknown}
 k - a potion of enlightenment {unknown}
 p - a potion of heal wounds {unknown}
 u - a potion of brilliance {unknown}
 w - a potion of degeneration {unknown}
 A - a potion of lignification {unknown}


   Skills:
 + Level 1.1 Fighting
 + Level 2.0 Short Blades
 + Level 1.0 Polearms
 + Level 2.8 Dodging
 + Level 5.6 Stealth
 + Level 6.6 Spellcasting
 * Level 4.9 Conjurations
 + Level 0.5 Hexes
 + Level 7.4 Fire Magic


You had 7 spell levels left.
You knew the following spells:

 Your Spells              Type           Power      Damage    Failure   Level
a - Foxfire               Conj/Fire      100%       2x1d9     1%          1
b - Scorch                Fire           76%        2d8       1%          2
c - Inner Flame           Hex/Fire       23%        N/A       5%          3
d - Flame Wave            Conj/Fire      33%        2d10      7%          4
e - Iskenderun's Mystic   Conj/Tloc      17%        2d5       32%         4

Your spell library contained the following spells:

 Spells                   Type           Power      Damage    Failure   Level
 Volatile Blastmotes      Fire/Tloc      44%        2d13      6%          3
 Sticky Flame             Conj/Fire      33%        2d5       7%          4
 Dazzling Flash           Conj/Hex       36%        N/A       9%          3
 Sandblast                Erth           12%        2d6       10%         1
 Ignite Poison            Fire/Tmut/Pois 17%        N/A       10%         3
 Stone Arrow              Conj/Erth      34%        3d9       10%         3
 Passwall                 Tmut/Erth      5%         N/A       14%         2
 Frozen Ramparts          Ice            12%        1d2       28%         3
 Ice Form                 Ice/Tmut       6%         N/A       67%         4
 Manifold Assault         Tloc           6%         N/A       67%         4
 Summon Ice Beast         Ice/Summ       6%         N/A       67%         4
 Starburst                Conj/Fire      16%        6d6       73%         6
 Dispersal                Tloc           3%         N/A       100%        6
 Disjunction              Tloc           3%         N/A       100%        8
 Ignition                 Fire           19%        3d7       100%        8


Dungeon Overview and Level Annotations

Branches:
Dungeon (7/15)             Temple (1/1) D:6

Altars:
Ashenzari
Elyvilon
Fedhas
Gozag
Hepliaklqana
Makhleb
Nemelex Xobeh
Okawaru
Qazlal
Ru
Sif Muna
Uskayaw
Vehumet
Wu Jian
Xom
Zin
The Shining One

Shops:
D:1 *


Innate Abilities, Weirdness & Mutations

You cannot wear most types of armour.
You are amphibious.
You can wear up to eight rings at the same time.
Your skin changes colour to match your surroundings (Stealth+).
Your rubbery body absorbs attacks. (AC +1, EV +1)
((You are camouflaged when in or above water. (Stealth+)))
You have tentacles for arms and can constrict up to eight enemies at once.


Message History

The yak is severely wounded.
You finish channelling waves of flame.
The yak barely misses the yak. x2
Casting: Flame Wave (dangerous; 8% risk of failure)
Confirm with . or Enter, or press ? or * to list all spells.
Casting: Flame Wave (dangerous; 8% risk of failure)
Press: ? - help, Dir - look around, f - activate A wave of flame ripples out!
The flame wave engulfs the yak!
You kill the yak!
Sif Muna accepts your kill.
The flame wave engulfs the yak!
The yak is heavily wounded. (Press . to intensify the flame waves.)
The yak gores the yak but does no damage.
The yak completely misses you.
Unknown command.
A wave of flame ripples out!
The flame wave engulfs the yak.
The yak is heavily wounded.
The flame wave engulfs the yak!
The yak is almost dead.
The yak gores you! The yak gores you!!
* * * LOW HITPOINT WARNING * * *
Unknown command.
Okay, then.
Okay, then.
Unknown command.
Okay, then.
Casting: Flame Wave (dangerous; 7% risk of failure)
Confirm with . or Enter, or press ? or * to list all spells.
Okay, then.
Unknown command.
Unknown command.
A wave of flame ripples out!
The flame wave engulfs the yak.
The yak is heavily wounded.
The flame wave engulfs the yak.
You kill the yak!
Sif Muna accepts your kill.
The flame wave engulfs the yak!
The yak is moderately wounded.
You finish channelling waves of flame.
The yak gores you!
You die...

##<##.# ...# ##....#
#...# ....### #...#
#.### #...# ..#
#...# ### #...#
################...#
...............'...+
################@..#
#YY.# #)..# ##.W#
... .... .....
###...


You could see 2 yaks and a phantom.

Vanquished Creatures
  Sigmund (D:2)
  2 yaks (D:7)
  A steam dragon (D:6)
  2 ice beasts (D:6)
  The ghost of Thargor the Shield-Bearer, an amateur MiFi (D:3)
  2 black bears
  2 ogres
  A bullfrog (D:6)
  4 scorpions
  A howler monkey (D:3)
  A centaur zombie (D:4)
  3 hounds
  2 jellies (D:5)
  A gnoll bouda (D:6)
  Crazy Yiuf (D:6)
  A sleepcap (D:6)
  Jessica (D:2)
  Terence (D:3)
  An iguana (D:5)
  An orc wizard (D:6)
  A hound zombie (D:4)
  A hound skeleton (D:4)
  10 adders
  11 gnolls
  2 white imps (D:5)
  An ufetubus (D:6)
  An adder zombie (D:4)
  An adder skeleton (D:4)
  3 worms
  A dart slug (D:2)
  4 orcs
  3 ball pythons
  6 endoplasms
  2 giant cockroaches
  10 goblins
  5 hobgoblins
  2 jackals (D:1)
  4 quokkas
  7 bats
  2 frilled lizards (D:1)
  5 kobolds
  5 rats
117 creatures vanquished.

Vanquished Creatures (collateral kills)
  A bullfrog skeleton (D:4)
  A gnoll bouda (D:7)
  An orc priest (D:6)
  An iguana (D:6)
  A gnoll (D:6)
  A shadow imp (D:6)
  An orc (D:6)
  3 foxfires
10 creatures vanquished.

Vanquished Creatures (others)
  An orc wizard (D:6)
  306 foxfires
307 creatures vanquished.

Grand Total: 434 creatures vanquished

Notes
Turn   | Place    | Note
-------+----------+-------------------------------------------
     0 | D:1      | Conn the Octopode Fire Elementalist began the quest for the
                  | Orb.
     0 | D:1      | Reached XP level 1. HP: 11/11 MP: 3/3
   118 | D:1      | Reached XP level 2. HP: 11/17 MP: 5/5
   706 | D:1      | Found Picag's Assorted Antiques.
   781 | D:1      | Reached XP level 3. HP: 21/21 MP: 6/6
  1064 | D:2      | Noticed Jessica
  1066 | D:2      | Killed Jessica
  1067 | D:2      | Reached XP level 4. HP: 27/27 MP: 7/7
  1077 | D:1      | Learned a level 2 spell: Scorch
  1081 | D:1      | Learned a level 3 spell: Inner Flame
  1099 | D:2      | Reached skill level 4 in Fire Magic
  1366 | D:2      | Reached XP level 5. HP: 31/31 MP: 8/8
  1542 | D:2      | Noticed Sigmund
  1545 | D:2      | Killed Sigmund
  1546 | D:2      | Reached skill level 1 in Short Blades
  1546 | D:2      | Reached skill level 1 in Polearms
  1546 | D:2      | Reached XP level 6. HP: 37/37 MP: 2/10
  2087 | D:3      | Noticed Terence
  2095 | D:3      | Killed Terence
  2339 | D:3      | Found a large runed translucent door.
  2339 | D:3      | Found a large runed translucent door.
  2342 | D:3      | Noticed Thargor's ghost (amateur MiFi)
  2862 | D:3      | Killed Thargor's ghost
  2863 | D:3      | Reached XP level 7. HP: 22/42 MP: 12/12
  3043 | D:4      | Found a stormy altar of Qazlal.
  3047 | D:4      | Found a blossoming altar of Fedhas.
  3340 | D:4      | Reached skill level 5 in Fire Magic
  3600 | D:5      | Entered Level 5 of the Dungeon
  3731 | D:5      | Learned a level 4 spell: Flame Wave
  3736 | D:5      | Learned a level 4 spell: Iskenderun's Mystic Blast
  3749 | D:5      | Reached XP level 8. HP: 41/47 MP: 15/15
  3788 | D:5      | Reached skill level 5 in Spellcasting
  3867 | D:5      | Found an ornate altar of the Wu Jian Council.
  3876 | D:5      | Reached skill level 6 in Fire Magic
  4418 | D:6      | Found a runed translucent door.
  4419 | D:6      | Noticed Crazy Yiuf
  4535 | D:6      | Reached skill level 1 in Fighting
  4535 | D:6      | Reached skill level 5 in Stealth
  4727 | D:6      | Reached XP level 9. HP: 53/53 MP: 18/18
  4730 | D:6      | Reached skill level 7 in Fire Magic
  5011 | D:6      | Found a staircase to the Ecumenical Temple.
  5041 | Temple   | Entered the Ecumenical Temple
  5180 | Temple   | Became a worshipper of Sif Muna the Loreminder
  5453 | D:6      | Killed Crazy Yiuf
  5637 | D:7      | Slain by a yak

Illustrated notes

Levels and vault maps discovered:
D:1:      dpeg_arrival_simpleton_a, layout_loops_ring, serial_shops, shop
D:2:      layout_basic, minmay_pentomino_z4, uniq_sigmund, uniq_jessica
D:3:      layout_basic, serial_bayou, serial_bayou_pond_b, serial_bayou_pond_e,
          serial_bayou_shore_b, serial_bayou_lagoon_b,
          ebering_ghost_disaster_area, chequers_hall_statues_y, feat_on_display,
          uniq_terence
D:4:      layout_basic, grunt_temple_overflow_forces_of_nature, serial_undead,
          serial_undead_e, serial_undead_c, serial_undead_e, serial_undead_d
D:5:      layout_cave_pools, nicolae_wu_jian_immortal_techniques
D:6:      layout_basic, minmay_temple_entry_offerings, uniq_crazy_yiuf_cottage
D:7:      kennysheep_seaside_town, layout_basic, serial_shops, shop_fountains,
          ebering_ghost_reflecting_pool, dreamdust_gnoll_shepherd
Temple:   dpeg_five_rooms_temple

Skill      XL: |  1  2  3  4  5  6  7  8  9 |
---------------+----------------------------+-----
Stealth        | 3 4 5 |  5.6
Conjurations   | 2 3 4 |  4.9
Fire Magic     | 4 5 6 7 |  7.4
Short Blades   | 1 2 |  2.0
Polearms       | 1 |  1.0
Spellcasting   | 3 4 6 |  6.6
Fighting       | 1 |  1.1
Dodging        | |  2.8
Hexes          | |  0.5

Action                     |  1- 3 |  4- 6 |  7- 9 || total
---------------------------+-------+-------+-------++-------
  Melee: Dagger            |     9 |     7 |    25 ||    41
         Unarmed           |     4 |       |       ||     4
         Constrict         |     5 |     4 |     4 ||    13
         Tentacles         |     4 |     5 |     1 ||    10
         Spear             |    12 |       |       ||    12
         Short sword       |     3 |     9 |       ||    12
   Cast: Foxfire           |    20 |    62 |   101 ||   183
         Scorch            |       |    10 |    39 ||    49
         Inner Flame       |       |     2 |     1 ||     3
         Flame Wave        |       |       |     4 ||     4
    Use: Scroll            |       |     3 |     1 ||     4
   Stab: Sleeping          |     7 |     5 |     6 ||    18
 Armour: Skin              |       |       |     6 ||     6
  Dodge: Dodged            |    22 |     9 |    31 ||    62

Table legend: (Time is in decaauts)
 A = Elapsed time spent in this place.
 B = Non-inter-level travel time spent in this place.
 C = Inter-level travel time spent in this place.
 D = Time resting spent in this place.
 E = Time spent auto-exploring this place.
 F = Levels seen in this place.
 G = Mean time per level.
                   A        B        C        D        E       F      G
               +--------+--------+--------+--------+--------+-----+--------+
         Total |   5631 |   5398 |    233 |     81 |   4010 |   8 |  703.9 |
       Dungeon |   5417 |   5256 |    161 |     81 |   3897 |   7 |  773.9 |
        Temple |    213 |    141 |     72 |      0 |    113 |   1 |  213.0 |
               +--------+--------+--------+--------+--------+-----+--------+

Top non-repeatable levels by time:
     D:6: 1058 daAuts
     D:3: 1024 daAuts
     D:1: 995 daAuts
     D:2: 936 daAuts
     D:5: 700 daAuts
     D:4: 640 daAuts
  Temple: 213 daAuts
     D:7: 60 daAuts
